[Event "Early-Titled-Tuesday-Blitz-May-28-2024"]
[Site "Chess.com"]
[Date "2024.05.28"]
[Round "2"]
[White "dinushkipremanath"]
[Black "IndianSchoolOfSuffering"]
[Result "0-1"]
[WhiteElo "2311"]
[BlackElo "2534"]
[TimeControl "180+1"]
[EndTime "8:17:39 PDT"]
[Termination "IndianSchoolOfSuffering won by resignation"]

1. d4 Nf6 2. Nf3 g6 3. Bf4 Bg7 4. Nbd2 d5 5. e3 c6 6. Bd3 O-O 7. Ne5 Nfd7 8. Qe2 Nxe5 9. dxe5 Nd7 10. Nf3 Nc5 11. O-O-O a5 12. h4 Bg4 13. h5 a4 14.
hxg6 fxg6 15. Rxh7 Bxf3 16. Rxg7+ Kxg7 17. gxf3 Qd7 18.
Rg1 Nxd3+ 19. Qxd3 Qf5 20. Qd4 Qe6 21. Qb4 b5 22. Rg3 Rf5 23. a3 Rh8 24. Rg1 Kf7 25. Qa5 Rh3 26. Qd8 Kg7 27. Qe8 Rf8 28. Rxg6+ Qxg6 29. Qxe7+ Rf7 30. Qd8 Rxf3 31. e6 Qxe6 32. Qg5+ Qg6 33.
Be5+ R7f6 34. Qh4 Qg1+ 35. Kd2 Qxf2+ 36. Qxf2 Rxf2+ 37. Kd3 Kf7 38. Bxf6 Kxf6 0-1

[Event "Early-Titled-Tuesday-Blitz-May-28-2024"]
[Site "Chess.com"]
[Date "2024.05.28"]
[Round "2"]
[White "Shuvalov"]
[Black "Yaacovn"]
[Result "0-1"]
[WhiteElo "2578"]
[BlackElo "2858"]
[TimeControl "180+1"]
[EndTime "8:17:40 PDT"]
[Termination "Yaacovn won by resignation"]

1. d4 Nf6 2. c4 e5 3. dxe5 Ne4 4. a3 d6 5. h4 dxe5 6. Qxd8+ Kxd8 7. Nd2 Nxd2 8. Bxd2 c6 9. Bc3 f6 10. O-O-O+ Kc7 11. e3 Nd7 12. g4 Nc5 13. g5 Bf5 14. b4 Na4 15. Bb2 a5 16. c5 axb4 17.
axb4 b6 18. Bh3 Bxh3 19. Rxh3 bxc5 20. bxc5 Bxc5 21. gxf6 gxf6 22. Rg3 Rhg8 23. Ne2 Nxb2 24. Kxb2 Rgb8+ 25. Kc2 Ra2+ 26. Kd3 Rd8+ 27. Nd4 exd4 28. Rg7+ Kc8 29. Ke4 dxe3 30. Rxd8+ Kxd8 31. fxe3 Ra7 32. Rg8+ Kd7 33. Kf5 Be7 34. Rg7 Ra5+ 35. Kg4 h5+ 36. Kf3 Ke6 37. Rh7 Re5 38. e4 c5 39. Rh8 c4 40. Rc8 Rc5 41. Rxc5 Bxc5 0-1

[Event "Early-Titled-Tuesday-Blitz-May-28-2024"]
[Site "Chess.com"]
[Date "2024.05.28"]
[Round "2"]
[White "aljado"]
[Black "Pomegranate988"]
[Result "0-1"]
[WhiteElo "2169"]
[BlackElo "2661"]
[TimeControl "180+1"]
[EndTime "8:17:40 PDT"]
[Termination "Pomegranate988 won by resignation"]

1. e4 c6 2. d4 g6 3. Nc3 d5 4. exd5 cxd5 5. Nf3 Nc6 6. Bb5 Bg7 7. O-O Bg4 8. h3 Bxf3 9. Qxf3 e6 10. Be3 Ne7 11.
Rad1 O-O 12. a3 Qb6 13. Qe2 Rac8 14. Na4 Qc7 15. Nc5 b6 16. Na6 Qd6 17. c3 Na5 18. h4 h5 19. Qf3 Nc4 20. Bf4 Qd8 21. Bg5 Nxb2 22. Rb1 Nc4 23. g4 hxg4 24. Qxg4 Qd6 25. h5 f6 26. Bf4 e5 27. hxg6 exf4 28. Qh5 Rfd8 29. Rbe1 f5 30. Qg5 Qxg6 0-1

[Event "Early-Titled-Tuesday-Blitz-May-28-2024"]
[Site "Chess.com"]
[Date "2024.05.28"]
[Round "2"]
[White "rionelG"]
[Black "toninhojit"]
[Result "0-1"]
[WhiteElo "2309"]
[BlackElo "2532"]
[TimeControl "180+1"]
[EndTime "8:17:40 PDT"]
[Termination "toninhojit won by checkmate"]

1. e4 c5 2. g3 Nc6 3. Bg2 g6 4. Ne2 Bg7 5. c3 e5 6. d3 Nge7 7. Be3 O-O 8. Bxc5 d6 9. Be3 d5 10. O-O Be6 11. f4 f5 12. Nd2 dxe4 13. dxe4 Qd3 14.
exf5 Qxe3+ 15. Kh1 Nxf5 16. Rf3 Qb6 17. Qg1 Qxg1+ 18.
Kxg1 Rad8 19. Ne4 Bd5 20. Rf2 Ne3 21. Bh1 Ng4 22. Rff1 Bc4 23. Rfe1 Bxe2 24. Rxe2 exf4 25. Nc5 f3 26. Re4 h5 27. h3 Nf6 28. Rf4 Bh6 29.
Rxf3 Ne5 30. Ne6 Nxf3+ 31. Bxf3 Rd2 32. Nxf8 Kxf8 33. Bxb7 Rxb2 34. Rf1 Kg7 35. Bc8 Nd5 36.
Be6 Be3+ 37. Kh1 Nf6 38. Bb3 Ne4 39. Rf3 Nf2+ 40. Kg2 Ng4+ 41. Kh1 Rh2# 0-1

[Event "Early-Titled-Tuesday-Blitz-May-28-2024"]
[Site "Chess.com"]
[Date "2024.05.28"]
[Round "2"]
[White "jcibarra"]
[Black "profedechess93"]
[Result "1-0"]
[WhiteElo "2904"]
[BlackElo "2601"]
[TimeControl "180+1"]
[EndTime "8:17:42 PDT"]
[Termination "jcibarra won by resignation"]

1. e4 e6 2. d4 d5 3. Nc3 Nf6 4. Bg5 Be7 5. e5 Nfd7 6. Bxe7 Qxe7 7. Qg4 f5 8. exf6 Nxf6 9. Qh4 c5 10. dxc5 Nc6 11. O-O-O Qxc5 12. Nf3 O-O 13. Bd3 Bd7 14. Rhe1 Rae8 15. Ne5 Nxe5 16. Rxe5 b5 17. g4 Qc7 18.
f4 g6 19. Ne2 b4 20. Rg5 Ne4 21. Bxe4 dxe4 22. Kb1 Ba4 23. b3 Bd7 24. Qh6 Rc8 25. Rc1 e3 26. h4 Be8 27. Re5 Qg7 28. Qxg7+ Kxg7 29. Rxe3 Bb5 30. Nd4 1-0

[Event "Early-Titled-Tuesday-Blitz-May-28-2024"]
[Site "Chess.com"]
[Date "2024.05.28"]
[Round "2"]
[White "Kostya0705"]
[Black "DanielDardha2005"]
[Result "0-1"]
[WhiteElo "2586"]
[BlackElo "2886"]
[TimeControl "180+1"]
[EndTime "8:17:42 PDT"]
[Termination "DanielDardha2005 won on time"]

1. e4 c6 2. d4 d5 3. e5 Bf5 4.
Nf3 e6 5. Be2 c5 6. Be3 cxd4 7.
Nxd4 Ne7 8. Nc3 Nbc6 9. f4 Nxd4 10. Bxd4 Nc6 11. O-O Bxc2 12. Qxc2 Nxd4 13. Qa4+ Nc6 14. f5 Bc5+ 15. Kh1 O-O 16. f6 Nxe5 17. fxg7 Kxg7 18. Rad1 Ng6 19. Ne4 Be7 20. Ng3 Qb6 21. Bd3 Qxb2 22. Qg4 Qe5 23. Rde1 Qg5 24. Qd4+ Kg8 25. Rf3 Rac8 26.
Qxa7 Rc1 27. Rxc1 Qxc1+ 28. Rf1 Qa3 29. Qd4 Bc5 30. Qf6 Qxd3 31. Nh5 Bd4 0-1

[Event "Early-Titled-Tuesday-Blitz-May-28-2024"]
[Site "Chess.com"]
[Date "2024.05.28"]
[Round "2"]
[White "DvaHrasta"]
[Black "Lily_Schirmbeck"]
[Result "1-0"]
[WhiteElo "2433"]
[BlackElo "1700"]
[TimeControl "180+1"]
[EndTime "8:17:44 PDT"]
[Termination "DvaHrasta won by resignation"]

1. c4 c5 2. g3 g6 3. Bg2 Bg7 4. Nc3 Nc6 5. Nf3 Nf6 6. O-O O-O 7. d4 cxd4 8. Nxd4 Nxd4 9. Qxd4 d6 10. Bg5 Rb8 11. Qxa7 Bd7 12. Rfd1 Qc7 13. Rac1 h6 14.
Bxf6 Bxf6 15. Nd5 Qc8 16. Nxf6+ exf6 17. Rxd6 Kg7 18. Qd4 Be6 19. Bd5 Bxd5 20. Qxf6+ Kg8 21. Rxd5 b5 22. c5 Rd8 23. Rxd8+ Qxd8 24. Qxd8+ Rxd8 25. c6 Rc8 26. c7 Kf8 27. f4 Ke7 28. Kf2 Kd7 29.
e4 Rxc7 30. Rxc7+ Kxc7 31. Ke3 Kd6 32. Kd4 f6 33. a3 h5 34. h4 Kc6 35. b3 Kd6 36. a4 bxa4 37. bxa4 Kc6 38. e5 fxe5+ 39. Kxe5 Kd7 40. Kf6 Kd6 41. a5 1-0

[Event "Early-Titled-Tuesday-Blitz-May-28-2024"]
[Site "Chess.com"]
[Date "2024.05.28"]
[Round "2"]
[White "chucksterf10"]
[Black "wonderfultime"]
[Result "0-1"]
[WhiteElo "2631"]
[BlackElo "3028"]
[TimeControl "180+1"]
[EndTime "8:17:46 PDT"]
[Termination "wonderfultime won by resignation"]

1. Nf3 d5 2. b3 Bg4 3. Ba3 Nd7 4. d4 g6 5. e3 Bg7 6. c4 c6 7.
Nc3 Ngf6 8. Be2 O-O 9. h3 Bxf3 10.
Bxf3 Qa5 11. Bb2 e5 12. cxd5 exd4 13. exd4 Nxd5 14. Qd2 Rfe8+ 15. Be2 Bh6 16. Qc2 Nf4 17. O-O Qg5 18. Bg4 Nf6 19. Qd1 Nxg4 20. Qxg4 Qxg4 21. hxg4 Rad8 22. Rad1 Ne2+ 23. Kh1 Nxd4 24. Na4 Bg7 25. Nc5 b6 26. Nd3 c5 27. b4 c4 28. Nf4 Nc6 29.
Bxg7 Kxg7 30. b5 Nb4 31. Rc1 Re4 32. g3 Rd2 33. a3 Nd3 34. Rc3 Nxf2+ 35. Kg1 Nxg4 0-1

[Event "Early-Titled-Tuesday-Blitz-May-28-2024"]
[Site "Chess.com"]
[Date "2024.05.28"]
[Round "2"]
[White "Konavets"]
[Black "Boundless_Strike"]
[Result "1-0"]
[WhiteElo "3071"]
[BlackElo "2640"]
[TimeControl "180+1"]
[EndTime "8:17:47 PDT"]
[Termination "Konavets won by resignation"]

1. d4 e5 2. dxe5 d6 3. Nf3 Bg4 4. Nc3 Nc6 5. h3 Bxf3 6. exf3 dxe5 7. Bd3 Bd6 8. O-O Nf6 9. Re1 Qe7 10. Bg5 O-O-O 11.
Bf5+ Kb8 12. Nd5 Qf8 13. Bxf6 gxf6 14. c3 Bc5 15. b4 Ne7 16. bxc5 Nxd5 17. c6 b6 18. Qa4 a5 19. Qb5 Qc5 20. Qxc5 bxc5 21. Rab1+ Nb6 22. Bd7 Ka7 23. Rb5 Nxd7 24. cxd7 Rxd7 25.
Reb1 Ka6 26. Rxc5 Rhd8 27. Rc6+ Ka7 28. Rb5 Rd5 29. Rxc7+ Ka6 30. Rxd5 Rxd5 31. Rxf7 Rd6 32. a4 Kb6 33. Rxh7 Rc6 34. Rf7 Kc5 35. Rb7 Kc4 36.
Rb5 Ra6 37. h4 Kxc3 38. g4 Kc4 39.
Kg2 Kd4 40. h5 e4 41. fxe4 Kxe4 42. Kg3 Kd4 43. f3 1-0

[Event "Early-Titled-Tuesday-Blitz-May-28-2024"]
[Site "Chess.com"]
[Date "2024.05.28"]
[Round "2"]
[White "The_Machine04"]
[Black "LLRChess"]
[Result "1-0"]
[WhiteElo "2820"]
[BlackElo "2567"]
[TimeControl "180+1"]
[EndTime "8:17:47 PDT"]
[Termination "The_Machine04 won by resignation"]

1. d4 d5 2. Nf3 e6 3. e3 c6 4. Nbd2 f5 5. Ne5 Nf6 6. f4 Bd6 7. Bd3 O-O 8. O-O Bd7 9. c4 Be8 10. c5 Be7 11. b4 Bh5 12. Ndf3 Ne4 13. Bd2 Nd7 14. Qc2 Ndf6 15. b5 cxb5 16. Bxb5 Ng4 17. Rab1 Nxe5 18. Nxe5 g5 19. Bd3 gxf4 20. exf4 Qc7 21.
Be3 Kh8 22. Rb2 Rg8 23. Rfb1 Rab8 24. Bxe4 fxe4 25. Qa4 a6 26. Qd7 Qxd7 27. Nxd7 Rbd8 28. Rxb7 Bf3 29. g3 Rde8 30. Ne5 Bh5 31. Ra7 Bf6 32.
Rbb7 Rg7 33. c6 Bxe5 34. fxe5 1-0

[Event "Early-Titled-Tuesday-Blitz-May-28-2024"]
[Site "Chess.com"]
[Date "2024.05.28"]
[Round "2"]
[White "Preobrazhenska_D2011"]
[Black "chessfatbear"]
[Result "0-1"]
[WhiteElo "2513"]
[BlackElo "2825"]
[TimeControl "180+1"]
[EndTime "8:17:49 PDT"]
[Termination "chessfatbear won by resignation"]

1. e4 c6 2. d4 g6 3. Nf3 Bg7 4. Nc3 d5 5. exd5 cxd5 6. Be2 Nc6 7.
O-O Bg4 8. Be3 e6 9. h3 Bxf3 10. Bxf3 Nge7 11. Ne2 Qb6 12. Qd2 Qxb2 13. Rfb1 Qa3 14.
Rxb7 O-O 15. Bh6 Bxh6 16. Qxh6 Nf5 17. Qd2 Rab8 18. Rb3 Qa4 19. Rd1 Qxa2 20. Qc3 Rxb3 21. cxb3 Qa6 22. Nf4 Rc8 23. Qb2 Qb6 24. Ne2 Nh4 25.
Bg4 h5 26. Bf3 Nxf3+ 27. gxf3 Ne7 28. Kh1 Nf5 29. Nf4 Qc7 30. Nd3 Kg7 31. Rc1 Qb8 32.
Rxc8 Qxc8 33. Nc5 Qb8 34. b4 Qf4 35. Qe2 Nxd4 36. Qd3 Nxf3 37. Kg2 Ne1+ 0-1

[Event "Early-Titled-Tuesday-Blitz-May-28-2024"]
[Site "Chess.com"]
[Date "2024.05.28"]
[Round "2"]
[White "DeyanKostov"]
[Black "Aragon"]
[Result "1-0"]
[WhiteElo "2457"]
[BlackElo "2085"]
[TimeControl "180+1"]
[EndTime "8:17:49 PDT"]
[Termination "DeyanKostov won by resignation"]

1. d4 b5 2. e3 a6 3. Nf3 Bb7 4. a4 b4 5. Be2 e6 6. Nbd2 Nf6 7. b3 Be7 8. Bb2 O-O 9. O-O a5 10.
Rc1 Na6 11. Re1 d6 12. Bd3 c5 13. e4 cxd4 14. Bxd4 Nc5 15. Qe2 Nxd3 16. cxd3 Rc8 17.
Nc4 Nd7 18. h3 d5 19. exd5 Bxd5 20. Nfd2 Ra8 21. Ne4 e5 22. Bb2 f6 23. d4 exd4 24. Bxd4 Bxe4 25. Qxe4 Rf7 26. Rcd1 Rc8 27. Bb6 Qe8 28.
Nd6 Qf8 29. Nxf7 Nxb6 30. Qxe7 Qxf7 31. Rd8+ Rxd8 32. Qxd8+ Qf8 33. Re8 1-0

[Event "Early-Titled-Tuesday-Blitz-May-28-2024"]
[Site "Chess.com"]
[Date "2024.05.28"]
[Round "2"]
[White "zubridis"]
[Black "RandomNoob04"]
[Result "0-1"]
[WhiteElo "2527"]
[BlackElo "2777"]
[TimeControl "180+1"]
[EndTime "8:17:50 PDT"]
[Termination "RandomNoob04 won by checkmate"]

1. d4 Nf6 2. Nf3 c5 3. d5 b5 4. Bg5 Qb6 5. a4 b4 6. Bxf6 Qxf6 7. c3 g6 8. e4 Qb6 9. Nbd2 d6 10. Nc4 Qc7 11. Qc2 Bg7 12. Bd3 O-O 13. O-O a5 14. Ncd2 Nd7 15. Bb5 Nb6 16. cxb4 axb4 17.
a5 Nd7 18. Nc4 Ba6 19. Bxa6 Rxa6 20. Rad1 Rb8 21. Rd3 Qb7 22. Ra1 b3 23. Qc1 Qb4 24. Nfd2 Qb7 25. Rxb3 Qc8 26. Rxb8 Qxb8 27. Qc2 Ne5 28.
Ra3 Nxc4 29. Nxc4 Qb4 30. Rb3 Qe1# 0-1

[Event "Early-Titled-Tuesday-Blitz-May-28-2024"]
[Site "Chess.com"]
[Date "2024.05.28"]
[Round "2"]
[White "Jospem"]
[Black "Blitz_Lover1"]
[Result "1-0"]
[WhiteElo "3025"]
[BlackElo "2552"]
[TimeControl "180+1"]
[EndTime "8:17:51 PDT"]
[Termination "Jospem won by resignation"]

1. e4 c5 2. Nf3 Nc6 3. Nc3 d6 4. Bc4 Nf6 5. d3 e6 6. a3 Be7 7. Ba2 O-O 8. O-O a6 9. Ne2 b5 10. Ng3 Bb7 11. c3 Ne5 12. h3 Nxf3+ 13. Qxf3 d5 14. e5 Nd7 15. d4 f6 16. exf6 Nxf6 17. Qe2 Qd7 18. Be3 c4 19. Rae1 Bd6 20. Bb1 Bxg3 21.
fxg3 Ne4 22. Bf4 a5 23. Be5 b4 24. cxb4 axb4 25. axb4 Ba6 26. Rxf8+ Rxf8 27. Qe3 Bb7 28. Kh2 Bc6 29. b3 c3 30. Bd3 Qf7 31. b5 Bd7 32. b6 Bc6 33. b4 Qf2 34. b5 Bb7 35.
Qxf2 Rxf2 36. Bf4 Nd2 37. Kg1 Rxg2+ 38. Kxg2 c2 39. Bxd2 c1=Q 40. Rxc1 1-0

[Event "Early-Titled-Tuesday-Blitz-May-28-2024"]
[Site "Chess.com"]
[Date "2024.05.28"]
[Round "2"]
[White "ChessSwole"]
[Black "chessburger_tv"]
[Result "1-0"]
[WhiteElo "2702"]
[BlackElo "2401"]
[TimeControl "180+1"]
[EndTime "8:17:51 PDT"]
[Termination "ChessSwole won on time"]

1. d4 Nf6 2. Nf3 d5 3. Bf4 e6 4. e3 c5 5. c3 Nc6 6. Nbd2 cxd4 7.
exd4 Nh5 8. Bg5 f6 9. Bh4 Bd6 10. Bd3 Nf4 11. Bf1 O-O 12. Bg3 Qc7 13. Bxf4 Bxf4 14.
g3 Bd6 15. Bg2 Bd7 16. O-O Rae8 17. c4 dxc4 18. Nxc4 Nb4 19. Qb3 b5 20. Nxd6 Qxd6 21. a3 Nd5 22. Nd2 Nb6 23. Ne4 Qxd4 24. Rad1 Qc4 25. Qe3 Qa4 26. Nc5 Qc2 27. Nxd7 Nxd7 28. Rxd7 Qxb2 29. Qxa7 f5 30. Qd4 Qxd4 31. Rxd4 Rc8 32.
Rfd1 Rc3 33. R4d3 Rfc8 34. Rxc3 Rxc3 35. Bf1 Rxa3 36. Bxb5 Kf7 37. Kg2 Kf6 38. Rd6 Rc3 39.
Rc6 Rb3 40. Bc4 Rc3 41. Rxe6+ Kg5 42. Bd5 1-0

[Event "Early-Titled-Tuesday-Blitz-May-28-2024"]
[Site "Chess.com"]
[Date "2024.05.28"]
[Round "2"]
[White "BarloNadera"]
[Black "mortngabriel"]
[Result "0-1"]
[WhiteElo "2049"]
[BlackElo "2451"]
[TimeControl "180+1"]
[EndTime "8:17:51 PDT"]
[Termination "mortngabriel won by resignation"]

1. d4 Nf6 2. c4 c5 3. d5 b5 4.
cxb5 a6 5. e3 g6 6. Nc3 Bg7 7. a4 O-O 8. Bc4 d6 9. Nge2 Nbd7 10. f4 Nb6 11. b3 axb5 12. Nxb5 Bb7 13. Ra2 Nbxd5 14. O-O Nb4 15. Ra3 d5 16. Bd3 Bc6 17.
Nbc3 Nxd3 18. Qxd3 e6 19. Bd2 Qb6 20. Kh1 Rfb8 21. Rb1 Bf8 22. Ra2 Bg7 23. h3 Qb7 24. Kh2 Rd8 25. g4 d4 26. exd4 cxd4 27. Nb5 Be4 28.
Qg3 Bxb1 29. Rb2 Ne4 30. Qg2 Bd3 31. Ng3 Bxb5 32. axb5 Nc5 33. Qf1 Rab8 34. b4 Ne4 35. b6 Nxg3 36. Kxg3 d3 37. b5 Bxb2 0-1

[Event "Early-Titled-Tuesday-Blitz-May-28-2024"]
[Site "Chess.com"]
[Date "2024.05.28"]
[Round "2"]
[White "aa175"]
[Black "Barmen_EV"]
[Result "1-0"]
[WhiteElo "2824"]
[BlackElo "2568"]
[TimeControl "180+1"]
[EndTime "8:17:52 PDT"]
[Termination "aa175 won by resignation"]

1. d4 Nf6 2. Bf4 g6 3. Nd2 Bg7 4. e4 d6 5. Ngf3 O-O 6. h3 Nc6 7. c3 Re8 8. Bc4 e5 9. dxe5 dxe5 10. Be3 Be6 11. Qa4 a6 12. Bxe6 Rxe6 13. Rd1 Qe8 14.
Qc2 Rd6 15. O-O Rad8 16. Rfe1 Rd3 17. Bd4 Rxf3 18. Nxf3 exd4 19. cxd4 Nh5 20. d5 Ne5 21. Qxc7 Nxf3+ 22. gxf3 Be5 23. d6 Rd7 24. Qc5 Nf4 25.
Rd5 Nxd5 26. exd5 Bh2+ 27. Kf1 Qd8 28. Re4 Bxd6 29. Qe3 Bf8 30. Re8 Qf6 31. Qc5 Qd6 32. Qc8 Rc7 33. Rxf8+ Qxf8 34. Qxc7 Qb4 35. d6 Qb5+ 36.
Kg2 Qg5+ 37. Kh1 Qc1+ 38. Qxc1 1-0

[Event "Early-Titled-Tuesday-Blitz-May-28-2024"]
[Site "Chess.com"]
[Date "2024.05.28"]
[Round "2"]
[White "Anton_Demchenko"]
[Black "Yan_Dyomin2010"]
[Result "1-0"]
[WhiteElo "2958"]
[BlackElo "2611"]
[TimeControl "180+1"]
[EndTime "8:17:53 PDT"]
[Termination "Anton_Demchenko won by resignation"]

1. e4 c5 2. Nc3 Nc6 3. Bb5 Nd4 4.
a4 e6 5. Nge2 Nxe2 6. Qxe2 Ne7 7. O-O a6 8. Bc4 Nc6 9. d3 Be7 10. f4 O-O 11. f5 Bf6 12. Be3 b6 13. Rae1 Bb7 14. Kh1 Nd4 15. Qf2 d5 16. Ba2 dxe4 17.
dxe4 exf5 18. Nd5 Bh4 19. g3 fxe4 20. Nxb6 Qxb6 21. gxh4 Qxb2 22. Bxf7+ Kh8 23. Rb1 Qxc2 24. Rxb7 Qxa4 25. h5 Qc6 26. h6 1-0

[Event "Early-Titled-Tuesday-Blitz-May-28-2024"]
[Site "Chess.com"]
[Date "2024.05.28"]
[Round "2"]
[White "KhBegmuratov"]
[Black "H3nriqueTV"]
[Result "1-0"]
[WhiteElo "2685"]
[BlackElo "2352"]
[TimeControl "180+1"]
[EndTime "8:17:53 PDT"]
[Termination "KhBegmuratov won by resignation"]

1. Nf3 d5 2. c4 c6 3. b3 Nf6 4. Bb2 Bf5 5. g3 e6 6. Bg2 Nbd7 7. O-O h6 8. d3 Be7 9. Nbd2 O-O 10. a3 a5 11. Ra2 Ne8 12. Qa1 Bf6 13. e4 dxe4 14. dxe4 Bxb2 15. Qxb2 Bh7 16. b4 axb4 17. axb4 Rxa2 18.
Qxa2 Qb6 19. Qa4 Nef6 20. c5 Qc7 21. Qc2 Ra8 22. Nd4 Qe5 23. Qd3 Nd5 24. Nc4 Qf6 25. Qd2 Nxb4 26. e5 Nxe5 27. Nxe5 Qxe5 28. Qxb4 Bd3 29. Re1 Qf6 30. Qxb7 Ra2 31. Nf3 Qb2 32. Qxb2 Rxb2 33. Ne5 Bf5 34. Nxc6 1-0

[Event "Early-Titled-Tuesday-Blitz-May-28-2024"]
[Site "Chess.com"]
[Date "2024.05.28"]
[Round "2"]
[White "remyrushbrooke"]
[Black "Aryan_Tamadon"]
[Result "0-1"]
[WhiteElo "2262"]
[BlackElo "2505"]
[TimeControl "180+1"]
[EndTime "8:17:54 PDT"]
[Termination "Aryan_Tamadon won on time"]

1. d4 b6 2. Nf3 Bb7 3. g3 g6 4. Bg2 Bg7 5. O-O Nf6 6. c4 d6 7. Nc3 O-O 8. h3 Na6 9. a3 c5 10. d5 Nc7 11. e4 e6 12. Qc2 a6 13. Rd1 Qe7 14. e5 dxe5 15. d6 Qd7 16. dxc7 Qxc7 17. Bg5 Nd7 18. Ne4 f5 19. Nd6 Bc6 20. Be7 Rfb8 21. Ng5 Bxg2 22. Kxg2 Nf6 23. Bxf6 Bxf6 24.
Nxe6 Qe7 25. Nxf5 Qxe6 26. Rd6 Qxf5 27. Qxf5 gxf5 28. Rxf6 Rf8 29. Rxb6 Rab8 30. Rxb8 Rxb8 31. Re1 e4 32. Re2 Kf7 33. f3 exf3+ 34. Kxf3 Kf6 35. Rd2 Ke5 36. Rd5+ Ke6 37. Rxc5 Rxb2 38. Rc6+ Ke5 39. Rxa6 Rb3+ 40. Kf2 Rc3 41. Ra7 h6 42. Ra5+ Ke4 43. c5 Rc2+ 44. Ke1 Rc3 45. Ra6 Rxg3 46. Rxh6 f4 47. c6 Rc3 48. Re6+ Kf3 49. Kd2 Rc5 50. Rg6 Kf2 51. a4 f3 52. h4 Kf1 53.
Ke3 Rc3+ 54. Kd2 Rc4 55. Ke3 f2 56. Kf3 Rc3+ 57. Ke4 Ke2 58. Rf6 Rxc6 59. Rxc6 f1=Q 60. Rc2+ Kd1 61. Ra2 Qc4+ 62. Ke5 Qxa2 0-1

[Event "Early-Titled-Tuesday-Blitz-May-28-2024"]
[Site "Chess.com"]
[Date "2024.05.28"]
[Round "2"]
[White "Evan_Attaker"]
[Black "KorolDimitriy75"]
[Result "1-0"]
[WhiteElo "2637"]
[BlackElo "2383"]
[TimeControl "180+1"]
[EndTime "8:17:55 PDT"]
[Termination "Evan_Attaker won on time"]

1. a3 g6 2. c4 Bg7 3. Nf3 c5 4. e3 Nf6 5. Be2 O-O 6. b3 d5 7. Bb2 Nc6 8. cxd5 Nxd5 9. Bxg7 Kxg7 10. d3 b6 11. O-O Bb7 12. Qc2 e5 13. Nbd2 Qe7 14.
Rac1 Rac8 15. Rfd1 Rfd8 16. Qb2 f6 17. Ne4 h6 18.
Ng3 f5 19. h4 Qf6 20. h5 g5 21.
e4 Nde7 22. b4 f4 23. Nf1 cxb4 24. axb4 Qd6 25. b5 Nd4 26. Rxc8 Nxc8 27. N1h2 Ne7 28. Ng4 Nxf3+ 29. Bxf3 Bc8 30. Nxe5 Qf6 31. d4 Kf8 32. Qa1 Be6 33. d5 Bc8 34. Nd7+ Kg7 35. Qxf6+ 1-0

[Event "Early-Titled-Tuesday-Blitz-May-28-2024"]
[Site "Chess.com"]
[Date "2024.05.28"]
[Round "2"]
[White "Nekoo04"]
[Black "MrLion3000"]
[Result "0-1"]
[WhiteElo "2418"]
[BlackElo "2790"]
[TimeControl "180+1"]
[EndTime "8:17:58 PDT"]
[Termination "MrLion3000 won by checkmate"]

1. d4 Nf6 2. c4 e6 3. Nf3 d5 4.
g3 Bb4+ 5. Bd2 Be7 6. Bg2 c6 7. O-O Nbd7 8. Qc2 Ne4 9. Nc3 Nxd2 10. Nxd2 O-O 11. e4 dxc4 12. Nxc4 b5 13. Ne3 Qb6 14. d5 c5 15. a4 b4 16. Nc4 Qb8 17. d6 Bxd6 18. e5 Bxe5 19. Bxa8 Qxa8 20. Nb5 Bd4 21. Rfd1 e5 22. Ncd6 Nf6 23. Nxd4 cxd4 24. Nxc8 Rxc8 25.
Qf5 Re8 26. Rac1 Qd8 27. Rc5 e4 28. Rdc1 d3 29. Rd1 Qd4 30. Rc7 g6 31. Qc5 Qxb2 32. Rxa7 e3 33. Rxd3 Qxf2+ 34. Kh1 Qf1# 0-1

[Event "Early-Titled-Tuesday-Blitz-May-28-2024"]
[Site "Chess.com"]
[Date "2024.05.28"]
[Round "2"]
[White "Sofia_Blokhin"]
[Black "Cheer_Down"]
[Result "1/2-1/2"]
[WhiteElo "2265"]
[BlackElo "2495"]
[TimeControl "180+1"]
[EndTime "8:17:58 PDT"]
[Termination "Game drawn by repetition"]

1. d4 d5 2. c4 e6 3. Nc3 Nf6 4. Nf3 Nbd7 5. e3 a6 6. cxd5 exd5 7. Bd3 Bd6 8. O-O O-O 9. Qc2 Re8 10. Re1 c6 11. a3 a5 12. Na4 Nf8 13. Nc5 b6 14.
Na4 Bb7 15. Bd2 N8d7 16. b4 axb4 17. axb4 b5 18. Nc5 Nxc5 19. dxc5 Bc7 20. Nd4 g6 21. g3 Qe7 22. Bc3 Ng4 23. Nf3 Ne5 24. Nxe5 Bxe5 25. Qb2 Bxc3 26. Qxc3 Red8 27. Qd4 Rxa1 28. Rxa1 Ra8 29.
Rxa8+ Bxa8 30. Qa1 Bb7 31. Qa7 Qd7 32. Qb8+ Kg7 33.
Qe5+ f6 34. Qd4 Qe7 35. e4 dxe4 36. Qxe4 Qxe4 37. Bxe4 h6 38. Kg2 g5 39. Kf3 Kf7 40.
Ke3 Ke6 41. g4 Ke5 42. f3 Ba8 43. Bf5 Bb7 44. Be4 Ke6 45. Bf5+ Ke5 46. Be4 1/2-1/2

[Event "Early-Titled-Tuesday-Blitz-May-28-2024"]
[Site "Chess.com"]
[Date "2024.05.28"]
[Round "2"]
[White "remi04"]
[Black "2Coaches1Profile"]
[Result "0-1"]
[WhiteElo "2800"]
[BlackElo "2582"]
[TimeControl "180+1"]
[EndTime "8:17:59 PDT"]
[Termination "2Coaches1Profile won by resignation"]

1. e4 Nf6 2. Nc3 d6 3. d4 e5 4. Nf3 Nbd7 5. Bc4 Be7 6. O-O O-O 7. a4 c6 8. Re1 b6 9. d5 Bb7 10. Bg5 cxd5 11. Nxd5 Rc8 12. Nxe7+ Qxe7 13. Bb5 Rfd8 14. a5 h6 15. Bxd7 Rxd7 16. Bxf6 Qxf6 17. axb6 axb6 18.
Qe2 d5 19. exd5 Rxd5 20. Ra7 Bc6 21. Qa6 Rb8 22. Rc7 Ra5 23. Qe2 e4 24. Nd2 Qd6 25.
Rxc6 Qxc6 26. c4 Re5 27. Qe3 Qc5 28. Qc3 Rbe8 29. b4 Qc6 30. Nf1 f5 31. Qb3 f4 32.
c5+ Kh8 33. cxb6 Qxb6 34. Nd2 e3 35. fxe3 Rxe3 0-1

[Event "Early-Titled-Tuesday-Blitz-May-28-2024"]
[Site "Chess.com"]
[Date "2024.05.28"]
[Round "2"]
[White "JG-17"]
[Black "JaloliddinIlkhomi"]
[Result "0-1"]
[WhiteElo "2549"]
[BlackElo "2779"]
[TimeControl "180+1"]
[EndTime "8:18:00 PDT"]
[Termination "JaloliddinIlkhomi won by resignation"]

1. e4 e6 2. d4 d5 3. exd5 exd5 4. Bd3 Bd6 5. Nf3 Ne7 6. O-O O-O 7. h3 Nbc6 8. c3 Bf5 9. Re1 Qd7 10. Qc2 Rae8 11.
Nbd2 a6 12. Nf1 f6 13. a4 Bxd3 14. Qxd3 Qf5 15. Qxf5 Nxf5 16. Ne3 Nxe3 17. Bxe3 Re6 18. Bd2 Rfe8 19. Rxe6 Rxe6 20. Re1 Kf7 21. Kf1 Na5 22.
Rxe6 Kxe6 23. Ke2 b5 24. axb5 axb5 25. Kd3 Nc4 26. Bc1 b4 27. g3 Kd7 28. Nd2 Na5 29.
c4 c6 30. c5 Bc7 31. b3 Ke6 32. g4 h5 33. Kc2 Bf4 34. gxh5 Kf5 35. Kd3 Nb7 36.
Bb2 Bxd2 37. Kxd2 Ke4 38. Kc2 Kf3 39. Bc1 Kxf2 40. h6 gxh6 41. Bxh6 Kg3 42. Bg7 f5 43.
Bh6 Kxh3 44. Bd2 Kg2 45. Bxb4 f4 46. Be1 f3 47. b4 f2 48. Bxf2 Kxf2 49. b5 cxb5 50.
c6 Nd6 51. Kb3 Ke3 52. Kb4 Kxd4 53. c7 Ke5 54. Kc5 d4 0-1

[Event "Early-Titled-Tuesday-Blitz-May-28-2024"]
[Site "Chess.com"]
[Date "2024.05.28"]
[Round "2"]
[White "viditchess"]
[Black "Ural_bogatyr"]
[Result "1-0"]
[WhiteElo "3081"]
[BlackElo "2556"]
[TimeControl "180+1"]
[EndTime "8:18:00 PDT"]
[Termination "viditchess won on time"]

1. d4 Nf6 2. Nf3 d5 3. c4 e6 4. Nc3 c5 5. e3 Nc6 6. a3 dxc4 7. Bxc4 a6 8. Bd3 b5 9. dxc5 Bxc5 10. b4 Be7 11.
Bb2 Bb7 12. O-O O-O 13. Qe2 Qb6 14. Ne4 Nd5 15. Rac1 a5 16. Nc5 axb4 17. Nd7 Qd8 18. Nxf8 bxa3 19. Ba1 Bxf8 20. Bxb5 Na5 21. Rb1 Nb4 22.
Rfd1 Qb6 23. Bd4 Qc7 24. Rbc1 Qb8 25. Be5 Qa7 26. Rc7 Nd5 27. Ng5 Nxc7 28. Qh5 h6 29. Qxf7+ Kh8 30. Rd7 1-0